 Dungeon Crawl Stone Soup version 0.17.2-1-ge4368a0 (webtiles) character file.

28 hexophile the Ducker (level 3, -4/19 HPs)
             Began as a Spriggan Abyssal Knight on Apr 27, 2017.
             Was a Follower of Lugonu.
             Slain by a kobold
             ... wielding a +0 short sword
              (5 damage)
             ... on level 3 of the Dungeon.
             The game lasted 00:02:36 (1722 turns).

hexophile the Ducker (Spriggan Abyssal Knight)      Turns: 1722, Time: 00:02:36

Health: -4/19      AC:  2    Str:  8    XL:     3   Next: 0%
Magic:  5/5        EV: 19    Int: 13    God:    Lugonu [*.....]
Gold:   83         SH:  0    Dex: 16    Spells: 0 memorised, 2 levels left

rFire  . . .     SeeInvis +     a - +1 short sword
rCold  . . .     Clarity  .     b - +0 robe
rNeg   . . .     SustAt   .     (shield restricted)
rPois  .         Gourm    .     (helmet restricted)
rElec  .         Spirit   .     (no cloak)
rCorr  .         Warding  .     (gloves unavailable)
rMut   .         Stasis   .     (boots unavailable)
MR     .....                    l - amulet of rage {+Rage}
Stlth  +.........               (no ring)
                                (no ring)

@: very quick, not resistant to hostile enchantments, very unstealthy
A: unfitting armour, see invisible, herbivore 3, speed 3, slow metabolism 2
a: Depart the Abyss, Renounce Religion, Evoke Berserk Rage


You were on level 3 of the Dungeon.
You worshipped Lugonu.
Lugonu was aware of your devotion.
You were not hungry.

You visited 1 branch of the dungeon, and saw 3 of its levels.
You visited the Abyss 1 time.

You collected 83 gold pieces.


Innate Abilities, Weirdness & Mutations

You are tiny and cannot use many weapons and most armour.
You have supernaturally acute eyesight.
You are a herbivore.
You cover ground extremely quickly.
You need consume almost no food.

Inventory:

Hand Weapons
 a - a +1 short sword (weapon)
Armour
 b - a +0 robe (worn)
Jewellery
 l - an amulet of rage (around neck) {+Rage}
Scrolls
 e - 3 scrolls of identify {unknown}
 g - a scroll of enchant armour {unknown}
 o - a scroll of fog {unknown}
 q - a scroll of noise {unknown}
 s - a scroll of remove curse {unknown}
Potions
 c - a potion of agility {unknown}
 d - a potion of flight {unknown}
 f - a potion of lignification {unknown}
 h - a potion of magic {unknown}
 i - a potion of brilliance {unknown}
 j - a potion of curing {unknown}
 n - a potion of ambrosia {unknown}
Comestibles
 k - a slice of pizza
 m - 2 meat rations
 p - a chunk of flesh
 r - a bread ration


You had 2 spell levels left.
You didn't know any spells.


   Skills:
 * Level 2.6 Fighting
 * Level 3.0 Short Blades
 * Level 4.3 Dodging
 - Level 1.7 Invocations

Dungeon Overview and Level Annotations

Branches:
Dungeon (3/15)

Altars:

Vault maps used:
D:1:      dpeg_arrival_circle_labyrinth_a
D:2:      first_bread
D:3:      nicolae_overflow_hidden_temple
Abyss:2:  guppyfry_abyss_exit_imp_island
You       could see a kobold.


Message History

You puncture the rat!
You kill the rat!
Lugonu accepts your kill.
No target in view!
The bat is too close now for your liking.
You see here a scroll labeled WOLANT AWUS.
A bat is nearby!
You hit the bat.
You kill the bat!
Lugonu accepts your kill.
Your Short Blades skill increases to level 3!
You have reached level 3!
Your experience leads to an increase in your attributes!
Increase (S)trength, (I)ntelligence, or (D)exterity?
You feel agile.
You got additional 3 HP.
Restored 2 HP.
You have now: 17/19 HP.
You see here a bat corpse.
You butcher the bat corpse.
p - 2 chunks of flesh (gained 1)
e - 3 scrolls labeled WOLANT AWUS (gained 1)
A worm is nearby!
A worm is nearby!
The worm bites you.
Found a stone staircase leading up.
You lost 4 HP.
You have now: 14/19 HP.
You barely miss the worm. You hit the worm.
The worm is lightly wounded.
The worm bites you!
Ouch! That really hurt!
* * * LOW HITPOINT WARNING * * *
You lost 11 HP.
You have now: 3/19 HP.
You start resting.
Found a bread ration.
Found a stone staircase leading down.
Found 15 stones.
Found a stone staircase leading down.
Found 14 gold pieces.
There is a stone staircase leading down here.
You climb downwards.
A kobold comes into view. It is wielding a short sword.
The kobold shouts!
There is a stone staircase leading up here.
A kobold is nearby!
Some of the chunks of flesh in your inventory have rotted away.
Found a golden potion.
You start resting.
The kobold hits you with a short sword.
* * * LOW HITPOINT WARNING * * *
You lost 4 HP.
You have now: 1/19 HP.
You closely miss the kobold. The kobold completely misses you.
You barely miss the kobold. The kobold hits you with a short sword.
You die...

Action                   || total
-------------------------++-------
Melee: Short sword       ||    72
Invok: Depart the Abyss  ||     1
 Stab: Sleeping          ||     1

Notes
Turn   | Place    | Note
--------------------------------------------------------------
     0 | Abyss:1  | hexophile the Spriggan Abyssal Knight began the quest for the Orb.
     0 | Abyss:1  | Reached XP level 1. HP: 11/11 MP: 3/3
    41 | Abyss:2  | Found a corrupted altar of Lugonu.
    41 | Abyss:2  | Noticed a crimson imp
    41 | Abyss:2  | Noticed a crimson imp
    41 | Abyss:2  | Noticed a crimson imp
    48 | Abyss:2  | Noticed a crimson imp
    68 | Abyss:2  | Noticed a large abomination
    68 | Abyss:2  | Noticed a tentacled starspawn
    89 | Abyss:2  | Noticed a hell hog
   191 | Abyss:2  | Noticed a large abomination
   192 | Abyss:2  | Noticed a thrashing horror
   197 | Abyss:2  | Noticed a sun demon
   198 | D:1      | Escaped the Abyss
   427 | D:1      | Reached * piety under Lugonu
   458 | D:1      | Reached skill level 4 in Dodging
   578 | D:1      | Reached XP level 2. HP: 14/16 MP: 4/4
  1656 | D:2      | Reached skill level 3 in Short Blades
  1656 | D:2      | Reached XP level 3. HP: 17/19 MP: 5/5
  1722 | D:3      | Slain by a kobold

Table legend:
 A = Turns spent in this place as a percentage of turns spent in the entire game.
 B = Non-inter-level travel turns spent in this place as a percentage of non-inter-level travel turns spent in the entire game.
 C = Inter-level travel turns spent in this place as a percentage of turns spent in this place.
 D = Turns resting spent in this place as a percentage of non-inter-level travel turns spent in this place.
 E = Turns spent auto-exploring this place as a percentage of non-inter-level travel turns spent in this place.
 F = Non-inter-level travel turns spent in this place divided by the number of levels of this place that you've seen.
                   A       B       C       D       E      F
               +-------+-------+-------+-------+-------+----------------------
         Total | 100.0 | 100.0 |   0.4 |   2.2 |   7.1 | 107.0
       Dungeon |  80.3 |  80.2 |   0.5 |   2.3 |   8.4 | 143.0
         Abyss |  19.7 |  19.8 |   0.0 |   1.9 |   1.9 |  53.0
               +-------+-------+-------+-------+-------+----------------------

Table legend:
 A = Kills in this place as a percentage of kills in entire the game.
 B = Kills by you in this place as a percentage of kills by you in the entire game.
 C = Kills by friends in this place as a percentage of kills by friends in the entire game.
 D = Other kills in this place as a percentage of other kills in the entire game.
 E = Experience gained in this place as a percentage of experience gained in the entire game.
 F = Experience gained in this place divided by the number of levels of this place that you have seen.
                   A       B       C       D       E      F
               +-------+-------+-------+-------+-------+----------------------
         Total | 100.0 | 100.0 |  -nan |  -nan | 100.0 |   8.2
       Dungeon | 100.0 | 100.0 |  -nan |  -nan | 100.0 |  13.7
               +-------+-------+-------+-------+-------+----------------------

Vanquished Creatures
  An ooze (D:1)
  6 bats
  2 goblins (D:1)
  3 hobgoblins (D:1)
  A giant newt (D:1)
  5 kobolds (D:1)
  5 rats
23 creatures vanquished.

Vanquished Creatures (others)
  2 starspawn tentacles (Abyss:2)
2 creatures vanquished.

Grand Total: 25 creatures vanquished
